Map: Lightshade LE

Players

ShaDoWn

  • Race: Protoss Protoss
  • Spawn Location: 5:00

LiquidMaNa (MaNa) - Winner!

  • Race: Protoss Protoss
  • League: Grandmaster
  • Spawn Location: 11:00

Event: DreamHack SC2 Masters 2020 Winter

VOD

Have the link to the VOD?

Description

Time

  • Played on: Oct. 27, 2020, 11:45 a.m.
  • Length: 8:41

All games in this series

Show
View Real Time Build Order
Export as new Build Order

ShaDoWn Protoss 

Build Orders:  

Get SALT Encoding   

  12  0:00  Probe  
  13  0:12  Probe  
  14  0:17  Pylon  
  14  0:24  Probe (Chrono Boost)  
  15  0:36  Gateway, Probe (Chrono Boost)  
  16  0:44  Probe (Chrono Boost)  
  16  0:46  Assimilator  
  17  0:51  Probe  
  17  0:54  Assimilator  
  18  1:03  Probe (Chrono Boost)  
  19  1:07  Gateway  
  20  1:12  Probe (Chrono Boost)  
  20  1:17  Probe (Chrono Boost)  
  20  1:23  Cybernetics Core  
  21  1:29  Probe  
  22  1:32  Pylon  
  22  1:41  Probe  
  23  1:53  Probe  
  24  1:57  Warp Gate (Chrono Boost)  
  24  1:59  Stalker x2  
  28  2:05  Probe  
  29  2:11  Pylon  
  29  2:17  Probe  
  30  2:26  Pylon  
  30  2:32  Sentry  
  30  2:34  Sentry  
  34  2:46  Nexus  
  34  2:50  Probe  
  34  3:00  Adept  
  34  3:01  Adept  
  38  3:07  Pylon  
  38  3:11  Probe  
  39  3:26  Probe  
  40  3:29  Shield Battery  
  40  3:38  Shield Battery  
  40  3:41  Stalker x2  
  42  3:52  Shield Battery, Probe  
  42  4:01  Probe (Chrono Boost)  
  43  4:07  Probe (Chrono Boost)  
  43  4:09  Stalker  
  46  4:10  Stalker  
  46  4:13  Probe (Chrono Boost)  
  50  4:21  Probe x2 (Chrono Boost)  
  44  4:28  Probe (Chrono Boost)  
  42  4:31  Probe (Chrono Boost)  
  43  4:39  Probe (Chrono Boost)  
  43  4:42  Probe (Chrono Boost)  
  43  4:43  Twilight Council  
  43  4:44  Probe (Chrono Boost)  
  44  4:51  Probe  
  46  4:55  Probe (Chrono Boost)  
  46  4:59  Pylon  
  47  5:03  Probe (Chrono Boost)  
  47  5:05  Forge  
  48  5:13  Probe (Chrono Boost)  
  50  5:14  Probe (Chrono Boost)  
  50  5:16  Blink (Chrono Boost)  
  50  5:20  Probe (Chrono Boost)  
  50  5:21  Dark Shrine  
  52  5:23  Probe (Chrono Boost)  
  52  5:25  Sentry  
  54  5:30  Probe (Chrono Boost)  
  54  5:34  Probe (Chrono Boost)  
  52  5:35  Probe (Chrono Boost)  
  52  5:38  Protoss Ground Weapons Level 1  
  52  5:43  Assimilator, Probe  
  52  5:45  Probe  
  54  5:55  Probe  
  55  5:58  Nexus  
  55  6:00  Pylon  
  55  6:01  Probe  
  56  6:07  Stalker, Sentry  
  56  6:08  Probe  
  62  6:18  Gateway  
  62  6:21  Gateway, Probe x2  
  62  6:33  Stalker x2, Probe  
  62  6:37  Probe  
  68  6:40  Pylon  
  68  6:45  Probe  
  69  6:49  Probe  
  64  6:59  Stalker x2  
  62  7:02  Probe  
  62  7:06  Probe  
  60  7:14  Probe  
  60  7:15  Dark Templar  
  63  7:18  Stalker  
  63  7:21  Nexus  
  63  7:22  Pylon  
  65  7:23  Stalker x2  
  65  7:28  Probe  
  70  7:35  Probe  
  69  7:40  Probe  
  69  7:42  Shield Battery  
  69  7:43  Stalker  
  72  7:46  Stalker x2, Robotics Facility  
  72  7:47  Probe  
  72  7:48  Stalker  
  79  7:53  Probe  
  79  7:56  Shield Battery  
  80  8:08  Pylon  
  80  8:09  Pylon  
  80  8:10  Pylon  
  80  8:18  Probe  
  77  8:26  Stalker x3  
  75  8:28  Probe  
Show
View Real Time Build Order
Export as new Build Order

LiquidMaNa Protoss - Winner!

Build Orders: Oracle Opening 

Get SALT Encoding   

  12  0:00  Probe  
  13  0:12  Probe  
  14  0:17  Pylon  
  14  0:24  Probe (Chrono Boost)  
  15  0:36  Probe (Chrono Boost)  
  15  0:37  Gateway  
  16  0:44  Probe (Chrono Boost)  
  16  0:46  Assimilator  
  17  0:51  Probe  
  17  0:55  Assimilator  
  18  1:03  Probe (Chrono Boost)  
  19  1:07  Gateway  
  19  1:13  Probe (Chrono Boost)  
  19  1:18  Probe (Chrono Boost)  
  20  1:24  Cybernetics Core  
  21  1:29  Probe  
  22  1:36  Pylon  
  22  1:42  Probe  
  23  1:55  Probe  
  23  2:01  Warp Gate, Adept x2  
  28  2:10  Stargate  
  28  2:17  Pylon  
  28  2:20  Probe  
  29  2:32  Probe  
  29  2:36  Adept x2  
  34  2:44  Probe  
  34  2:51  Oracle (Chrono Boost)  
  37  3:14  Nexus  
  37  3:20  Pylon  
  37  3:23  Probe  
  38  3:35  Probe  
  38  3:38  Twilight Council  
  39  3:47  Probe  
  40  3:59  Probe  
  40  4:01  Stalker x2  
  45  4:05  Shield Battery  
  45  4:11  Probe  
  46  4:23  Probe  
  45  4:30  Blink (Chrono Boost), Probe  
  42  4:35  Probe  
  41  4:38  Stalker x2  
  41  4:42  Probe  
  41  4:44  Shield Battery  
  46  4:47  Probe  
  46  4:49  Gateway  
  47  4:55  Robotics Facility  
  47  5:02  Stalker  
  49  5:07  Shield Battery  
  49  5:08  Stalker  
  49  5:09  Probe  
  49  5:12  Probe  
  49  5:14  Pylon  
  53  5:21  Probe  
  53  5:23  Shield Battery  
  53  5:24  Probe  
  55  5:33  Probe  
  55  5:36  Probe  
  55  5:37  Stalker x2  
  55  5:41  Assimilator  
  60  5:44  Observer  
  60  5:45  Probe  
  60  5:47  Pylon  
  60  5:48  Probe  
  63  5:50  Stalker  
  63  5:54  Pylon  
  63  5:57  Forge  
  65  5:58  Probe  
  65  6:02  Stalker x2  
  70  6:17  Nexus  
  70  6:24  Observer  
  71  6:28  Stalker x2  
  71  6:29  Probe  
  71  6:30  Probe  
  77  6:37  Stalker  
  79  6:42  Probe x2  
  81  6:48  Gateway  
  77  6:55  Probe  
  77  6:56  Probe  
  79  7:04  Stalker x3  
  79  7:07  Probe  
  86  7:15  Photon Cannon  
  86  7:21  Pylon  
  86  7:23  Pylon  
  86  7:28  Probe  
  86  7:29  Gateway  
  87  7:30  Stalker  
  87  7:31  Gateway, Probe x2  
  91  7:40  Probe  
  91  7:41  Stalker x2  
  97  7:44  Probe x2  
  96  8:07  Stalker x4  
  96  8:08  Probe  
  96  8:09  Probe  
  96  8:10  Photon Cannon  
  108  8:22  Probe  
  108  8:26  Probe  
Tags
 
Add a new tag
Caveats
  • Supply blocks, unpowered buildings, or Contaminate may cause inaccurate times.
  • Supply counts are checked every 10 seconds.